Map: Year Zero LE

Players

kryli

  • Race: Terran Terran
  • Spawn Location: 1:00

Katana - Winner!

  • Race: Zerg Zerg
  • Spawn Location: 11:00

VOD

Have the link to the VOD?

Description

Time

  • Played on: Feb. 10, 2019, 5:22 a.m.
  • Length: 13:28
Show
View Real Time Build Order
Export as new Build Order

kryli Terran 

Build Orders:  

Get SALT Encoding   

  12  0:01  SCV  
  13  0:15  Supply Depot  
  13  0:18  SCV  
  14  0:41  Barracks  
  14  0:45  Refinery  
  14  0:46  SCV  
  15  0:58  SCV  
  16  1:10  SCV  
  17  1:29  Supply Depot  
  17  1:41  Barracks Tech Lab  
  17  1:45  SCV, Refinery  
  18  1:57  SCV  
  19  2:01  Barracks  
  19  2:09  SCV  
  20  2:21  Command Center  
  20  2:22  Marine  
  21  2:31  SCV  
  22  2:40  Marine  
  22  2:43  SCV  
  24  2:44  Supply Depot  
  24  3:08  Stimpack  
  24  3:09  Marine  
  25  3:26  Barracks Reactor  
  25  3:27  Marine  
  25  3:32  Factory  
  26  3:37  SCV  
  27  3:45  Marine  
  28  3:49  SCV  
  28  3:53  SCV  
  30  4:03  Supply Depot, Marine  
  30  4:05  SCV  
  30  4:06  SCV  
  33  4:11  Marine x2  
  33  4:21  Marine  
  33  4:38  Marine x2  
  34  4:41  Marauder  
  37  4:55  Factory Tech Lab  
  37  4:56  Marine x2  
  39  5:03  Orbital Command, Marauder, Supply Depot  
  41  5:13  Marine  
  41  5:14  Marine  
  43  5:24  Marauder  
  45  5:29  Supply Depot  
  45  5:31  Marine  
  45  5:32  Marine  
  47  5:38  Starport  
  47  5:49  Marine x2  
  49  6:35  Siege Tank  
  49  6:39  SCV  
  53  6:49  Supply Depot  
  53  6:50  SCV  
  53  6:51  SCV  
  55  7:02  SCV  
  55  7:03  SCV  
  55  7:08  Siege Tank  
  60  7:14  SCV  
  61  7:15  SCV  
  61  7:20  Starport Reactor  
  62  7:26  SCV  
  62  7:28  SCV, Supply Depot  
  64  7:40  Siege Tank  
  64  7:43  Supply Depot  
  67  7:50  Supply Depot  
  67  7:55  Supply Depot  
  67  7:58  SCV  
  68  8:10  SCV  
  69  8:22  SCV  
  69  8:24  Marine x2  
  72  8:28  Marauder  
  72  8:34  Combat Shield, SCV  
  74  8:36  Medivac x2  
  79  8:42  Marine x2  
  79  8:45  Refinery  
  79  8:46  SCV  
  82  8:49  Marauder  
  84  8:59  Marine  
  84  9:00  Marine  
  86  9:02  Orbital Command  
  86  9:06  Medivac x2  
  90  9:10  Marauder  
  92  9:17  Marine x2  
  92  9:18  Engineering Bay  
  94  9:26  Armory  
  94  9:32  Marauder  
  94  9:35  Marine x2  
  94  9:36  Medivac x2  
  102  9:53  Marauder, Marine x2  
  106  10:11  Marine x2  
  108  10:25  Supply Depot  
  108  10:28  Supply Depot  
  107  10:29  Marine x2  
  109  10:46  Marine  
  109  10:47  Marine  
  110  11:04  Marine x2  
  107  11:37  Marine x2  
  109  11:41  Marauder  
  103  11:55  Marine x2  
  104  12:02  Marauder  
  106  12:12  Marine  
  106  12:13  Marine  
  108  12:23  Marauder  
  110  12:30  Supply Depot, Marine x2  
  112  12:45  Marauder  
  98  13:06  Marauder  
Show
View Real Time Build Order
Export as new Build Order

Katana Zerg - Winner!

Build Orders: Hatch First 

Get SALT Encoding   

  12  0:04  Drone  
  13  0:14  Overlord  
  13  0:19  Drone  
  14  0:25  Extractor  
  14  0:26  Drone  
  15  0:33  Drone  
  16  0:36  Drone  
  17  0:55  Hatchery  
  16  0:58  Drone  
  16  1:01  Extractor  
  16  1:15  Spawning Pool  
  15  1:25  Drone x3  
  18  1:36  Drone  
  19  1:50  Drone  
  20  2:03  Queen  
  22  2:13  Queen  
  22  2:15  Drone  
  25  2:17  Zergling x4  
  27  2:32  Metabolic Boost  
  27  2:35  Overlord  
  27  2:46  Zergling x2  
  28  2:58  Zergling x4  
  29  2:59  Zergling x8  
  34  3:09  Overlord  
  34  3:25  Overlord  
  34  3:31  Zergling x4  
  35  3:53  Queen  
  37  3:59  Drone x4  
  41  4:03  Extractor  
  40  4:17  Roach Warren  
  39  4:22  Overlord x2  
  39  4:34  Baneling Nest  
  38  4:48  Drone x6  
  38  4:49  Drone x3  
  47  4:54  Lair  
  47  5:05  Drone  
  47  5:06  Drone x4  
  52  5:15  Drone x2  
  52  5:16  Drone x2  
  52  5:20  Baneling x3  
  56  5:25  Queen  
  56  5:26  Extractor x2  
  56  5:27  Drone x2  
  53  5:58  Roach x3  
  53  5:59  Overlord  
  53  6:00  Overlord x3  
  59  6:18  Overlord x3  
  59  6:22  Glial Reconstitution  
  59  6:44  Roach x4  
  59  6:45  Roach x7  
  81  7:00  Spore Crawler  
  80  7:08  Overlord x2  
  80  7:18  Hatchery  
  79  7:45  Evolution Chamber x2  
  77  8:10  Roach x6  
  77  8:11  Roach x13  
  115  8:30  Spire  
  115  8:31  Roach  
  115  8:32  Roach x3, Spire  
  121  8:50  Zerg Melee Weapons Level 1  
  121  8:51  Zerg Missile Weapons Level 1  
  121  9:00  Queen  
  121  9:01  Drone x2  
  125  9:07  Overlord x5  
  125  9:13  Pneumatized Carapace  
  125  9:18  Overseer  
  125  9:24  Drone x3  
  128  9:42  Zerg Flyer Weapons Level 1, Hydralisk Den  
  128  9:44  Zerg Flyer Armor Level 1  
  128  9:45  Zergling x2, Mutalisk x3  
  134  9:54  Extractor  
  134  9:56  Drone x3  
  134  9:57  Extractor  
  134  9:58  Drone x4  
  134  9:59  Drone  
  140  10:26  Muscular Augments  
  140  10:45  Zerg Ground Armor Level 1  
  129  11:07  Hydralisk  
  129  11:08  Hydralisk x13  
  129  11:09  Hydralisk  
  157  11:16  Drone x3  
  160  11:32  Hydralisk x3  
  166  11:43  Extractor  
  110  12:16  Queen, Drone x3  
  115  12:23  Mutalisk  
  115  12:24  Zergling x2, Mutalisk x3  
  115  12:25  Mutalisk x3  
  130  12:45  Hatchery  
  129  12:52  Queen  
Tags
 
Matchup
TvZ
Spawn Locations
Close Positions
Add a new tag
Caveats
  • Supply blocks, unpowered buildings, or Contaminate may cause inaccurate times.
  • Supply counts are checked every 10 seconds.